 Dungeon Crawl Stone Soup version 0.29.1-2-gbd0b4ee654 (webtiles) character file.

Game seed: 6314719931528310891

35 Fang the Shield-Bearer (level 3, 0/24 HPs)
             Began as a Gargoyle Fighter on Nov 4, 2022.
             Slain by Sigmund
             ... wielding a +0 scythe
              (5 damage)
             ... on level 2 of the Dungeon.
             The game lasted 00:01:44 (1870 turns).

Fang the Shield-Bearer (Gargoyle Fighter)           Turns: 1870, Time: 00:01:45

Health: 0/24       AC: 10    Str: 21    XL:     3   Next: 35%
Magic:  3/3        EV:  9    Int:  8    God:
Gold:   137        SH:  4    Dex:  9    Spells: 2/2 levels left

rFire   . . .      SeeInvis .   a - +0 war axe
rCold   . . .      Faith    .   c - +0 buckler
rNeg    + . .      Spirit   .   b - +0 scale mail
rPois   ∞          Reflect  .   (no helmet)
rElec   +          Harm     .   (no cloak)
rCorr   .          Rampage  .   (no gloves)
Will    .....                   (no boots)
Stlth   ..........              (no amulet)
HPRegen 0.08/turn               (no ring)
MPRegen 0.08/turn               (no ring)

@: no status effects
A: sickness immunity, AC +3, negative energy resistance 1, electricity
resistance, torment resistance 1, petrification resistance
a: no special abilities


You were on level 2 of the Dungeon.
You visited 1 branch of the dungeon, and saw 2 of its levels.

You collected 137 gold pieces.

Inventory:

Hand Weapons
 a - a +0 war axe (weapon)
Armour
 b - a +0 scale mail (worn)
 c - a +0 buckler (worn)
Scrolls
 e - a scroll of teleportation {unknown}
 h - 2 scrolls of amnesia {unknown}
 i - 3 scrolls of identify {unknown}
 k - a scroll of blinking {unknown}
Potions
 d - a potion of might
 f - 2 potions of heal wounds {unknown}
 g - 2 potions of flight {unknown}
 j - a potion of ambrosia {unknown}


   Skills:
 + Level 3.7 Fighting
 + Level 2.2 Axes
 + Level 3.7 Armour
 + Level 3.7 Shields


You had 2 spell levels left.
You didn't know any spells.
Your spell library was empty.

Dungeon Overview and Level Annotations

Branches:
Dungeon (2/15)

Altars:

Annotations:
D:2 Sigmund


Innate Abilities, Weirdness & Mutations

You are immune to sickness and miasma.
Your stone body is resilient. (AC +3)
You are immune to poison.
You resist negative energy. (rN+)
You are resistant to electric shocks. (rElec)
You are resistant to unholy torment.
You are immune to petrification.


Message History

You are too confused!
You are too confused!
You are too confused!
You are too confused!
You are too confused!
You are too confused!
You are too confused!
You are too confused!
You are too confused!
You are too confused!
The quokka attacks as you move away! The quokka barely misses you.
Sigmund points at you and mumbles some strange words.
You are more confused.
The quokka attacks as you move away! The quokka bites you.
The quokka bites you but does no damage.
Sigmund hits you from afar with a +0 scythe.
The quokka bites you but does no damage.
You miss the quokka.
The quokka bites you but does no damage.
Sigmund points at you and mumbles some strange words.
You resist with significant effort.
The quokka bites you but does no damage.
The quokka barely misses you.
You bump into the rock wall.
The quokka barely misses you. Sigmund hits you but does no damage.
The quokka attacks as you move away! The quokka bites you.
The quokka closely misses you.
You feel less confused. The quokka bites you.
* * * LOW HITPOINT WARNING * * *
Sigmund mumbles some strange words.
Sigmund flickers and vanishes!
Deactivating autopickup; reactivate with Ctrl-A.
The quokka closely misses you. The quokka attacks as you move away!
You block the quokka's attack. Something hits you but does no damage.
The quokka bites you.
* * * LOW HITPOINT WARNING * * *
Something hits you.
You die...

.......## ........# ........#
# ...)....# ####### .##
†....>..# ##.....##....
........## ##............
.......#.#######..?..........
........<....).#..{..........
###.#.##.#####..@............
...........#####.r...........
###..........................
#####################[.....
...... .#.... .#####


You could see a quokka.

Vanquished Creatures
  A worm (D:2)
  2 bats (D:1)
  An endoplasm (D:1)
  6 goblins (D:1)
  2 hobgoblins (D:1)
  3 jackals (D:1)
  7 ball pythons
  2 frilled lizards (D:1)
  4 kobolds
  3 rats (D:1)
31 creatures vanquished.

Vanquished Creatures (others)
  6 plants (D:2)
6 creatures vanquished.

Grand Total: 37 creatures vanquished

Notes
Turn   | Place    | Note
-------+----------+-------------------------------------------
     0 | D:1      | Fang the Gargoyle Fighter began the quest for the Orb.
     0 | D:1      | Reached XP level 1. HP: 14/14 MP: 1/1
   559 | D:1      | Reached XP level 2. HP: 19/19 MP: 2/2
  1058 | D:1      | Reached XP level 3. HP: 10/23 MP: 3/3
  1853 | D:2      | Noticed Sigmund
  1870 | D:2      | Slain by Sigmund

Illustrated notes

Levels and vault maps discovered:
D:1:      dpeg_arrival_connections, layout_loops_ring, nrook_loot_triangle,
          chequers_serial_rivers_large_a, minmay_hexomino_c4
D:2:      wad_lake_hut, layout_rooms, hellmonk_ecumenical_altar_arch_garden,
          uniq_crazy_yiuf_cottage, uniq_sigmund, uniq_terence

Skill      XL: |  1  2 |
---------------+-------+-----
Axes           | 2 |  2.2
Fighting       | |  3.7
Armour         | |  3.7
Shields        | |  3.7

Action                   || total
-------------------------++-------
Melee: War axe           ||    63
Armor: Scale mail        ||    49
Dodge: Dodged            ||    39
Block: Buckler           ||    12
